 Dungeon Crawl Stone Soup version 0.25-a0-610-gd0df705f03 (webtiles) character file.

Game seed: 8595333366742642161, levelgen mode: deterministic

189 ipx the Chopper (level 5, -9/32 HPs)
             Began as a Gargoyle Gladiator on Mar 16, 2020.
             Mangled by an iguana (13 damage)
             ... on level 5 of the Dungeon.
             The game lasted 00:12:04 (1097 turns).

ipx the Chopper (Gargoyle Gladiator)                Turns: 1097, Time: 00:12:04

Health: -9/32      AC:  8    Str: 18    XL:     5   Next: 68%
Magic:  5/5        EV: 12    Int:  9    God:
Gold:   178        SH:  0    Dex: 11    Spells: 4/4 levels left

rFire    . . .     SeeInvis .   a - +0 war axe
rCold    . . .     Gourm    .   (no shield)
rNeg     + . .     Faith    .   b - +0 leather armour
rPois    ∞         Spirit   .   c - +0 helmet
rElec    +         Reflect  .   (no cloak)
rCorr    .         Harm     +   (no gloves)
MR       .....                  (no boots)
Stlth    +.........             H - amulet of harm
HPRegen  0.10/turn              (no ring)
MPRegen  0.09/turn              (no ring)

@: stab
A: negative energy resistance 1, electricity resistance, unbreathing,
petrification resistance, rot immunity, AC +4
a: no special abilities


You were on level 5 of the Dungeon.
You were very hungry.

You visited 1 branch of the dungeon, and saw 5 of its levels.

You collected 178 gold pieces.

Inventory:

Hand Weapons
 a - a +0 war axe (weapon)
Missiles
 o - 2 boomerangs (quivered)
Armour
 b - a +0 leather armour (worn)
 c - a +0 helmet (worn)
Jewellery
 k - an uncursed amulet of guardian spirit
 H - an amulet of harm (around neck)
 R - an uncursed amulet of magic regeneration
Wands
 d - a wand of clouds (5)
Scrolls
 e - a scroll of amnesia {unknown}
 g - a scroll of enchant armour {unknown}
 h - 2 scrolls of immolation {unknown}
 l - a scroll of identify {unknown}
Potions
 i - a potion of invisibility {unknown}
 j - 2 potions of cancellation {unknown}
 m - a potion of lignification {unknown}
 n - 2 potions of stabbing
Comestibles
 f - 5 rations


   Skills:
 + Level 2.8 Fighting
 + Level 5.2 Axes
 - Level 2.1 Throwing
 - Level 2.4 Dodging


You had 4 spell levels left.
You didn't know any spells.
Your spell library was empty.

Dungeon Overview and Level Annotations

Branches:
Dungeon (5/15)
 Temple: D:4-7

Altars:
Gozag
Vehumet


Innate Abilities, Weirdness & Mutations

You are resistant to torment.
Your stone body is resilient. (AC +4)
You are immune to poison.
You resist negative energy. (rN+)
You are resistant to electric shocks. (rElec)
You can survive without breathing.
You are immune to petrification.
You are immune to rotting.


Message History

You closely miss the worker ant.
The worker ant is severely wounded.
You barely miss the iguana. The iguana bites you.
The worker ant barely misses you.
You barely miss the worker ant.
The worker ant is almost dead.
You hit the iguana but do no damage.
The worker ant looks more healthy.
The worker ant closely misses you. The iguana barely misses you.
The worker ant misses you. The iguana bites you.
You hit the worker ant.
You kill the worker ant!
You barely miss the iguana. The iguana bites you!
* * * LOW HITPOINT WARNING * * *
You closely miss the iguana.
The iguana is moderately wounded.
The iguana barely misses you.
It was a potion of stabbing.
You feel ready to backstab. The iguana bites you!
You die...

### .#
#..##..
.....#.
##..(....
#..(.....
#........
##<.......
#.@.......
#.l.......
#.........
#.......[.
..........
#..$.......
...........
#..###..####


You could see an iguana.

Vanquished Creatures
  Ijyb (D:3)
  2 worker ants
  5 adders
  A dart slug (D:2)
  3 leopard geckos
  6 bats
  3 giant cockroaches
  6 goblins
  3 hobgoblins
  15 jackals
  3 quokkas
  2 frilled lizards
  4 kobolds
  8 rats
62 creatures vanquished.

Notes
Turn   | Place    | Note
-------+----------+-------------------------------------------
     0 | D:1      | ipx the Gargoyle Gladiator began the quest for the Orb.
     0 | D:1      | Reached XP level 1. HP: 12/12 MP: 1/1
    67 | D:1      | Reached skill level 3 in Axes
   151 | D:1      | Reached XP level 2. HP: 17/17 MP: 2/2
   249 | D:1      | Reached XP level 3. HP: 12/21 MP: 3/3
   394 | D:2      | Reached skill level 4 in Axes
   493 | D:2      | Reached XP level 4. HP: 22/26 MP: 4/4
   728 | D:3      | Found an opulent altar of Gozag.
   812 | D:4      | Reached skill level 5 in Axes
   812 | D:4      | Reached XP level 5. HP: 15/30 MP: 5/5
   947 | D:3      | Noticed Ijyb
   980 | D:3      | Killed Ijyb
   994 | D:3      | Found a radiant altar of Vehumet.
  1008 | D:4      | Noticed a phantom
  1086 | D:5      | Entered Level 5 of the Dungeon
  1097 | D:5      | Mangled by an iguana

Levels and vault maps discovered:
D:1:      minmay_arrival_jagged, layout_basic
D:2:      layout_basic, first_ration, minmay_misc_feat_diagonals
D:3:      layout_loops_ring, lemuel_round_altar, old_standard_altar,
          vehumet_crystals, grunt_dithmenos_smoke, lemuel_old_faithful,
          uniq_ijyb
D:4:      layout_loops_cross, okawaru_altar_gauntlet_db
D:5:      layout_cave_pods, lemuel_round_altar, makhleb_heckhound_becter

Skill      XL: |  1  2  3  4  5 |
---------------+----------------+-----
Axes           | 3 4 5 |  5.2
Throwing       | 2 |  2.1
Fighting       | |  2.8
Dodging        | |  2.4

Action                   |  1- 3 |  4- 6 || total
-------------------------+-------+-------++-------
Melee: War axe           |   121 |    89 ||   210
Throw: Throwing net      |     3 |     5 ||     8
       Dart              |       |     8 ||     8
       Boomerang         |       |     2 ||     2
  Use: Potion            |       |     1 ||     1
Armor: Leather armour    |    54 |    38 ||    92
Dodge: Dodged            |    88 |    61 ||   149

Table legend:
 A = Non-vault XP
 B = Vault XP
 C = Vault XP percentage of total XP
 D = Non-vault monster count
 E = Vault monster count
 F = Vault count percentage of total count
                 A         B        C        D         E       F
            +---------+---------+-------+---------+---------+-------
      Total |     234 |      36 |  13.3 |      61 |       1 |   1.6
            +---------+---------+-------+---------+---------+-------
        D:1 |      39 |       0 |   0.0 |      22 |       0 |   0.0
        D:2 |      72 |       0 |   0.0 |      26 |       0 |   0.0
        D:3 |      26 |      36 |  58.1 |       8 |       1 |  11.1
        D:4 |      61 |       0 |   0.0 |       4 |       0 |   0.0
        D:5 |      36 |       0 |   0.0 |       1 |       0 |   0.0
            +---------+---------+-------+---------+---------+-------
